 Dungeon Crawl Stone Soup version 0.27-a0-1105-g946c659c87 (webtiles) character file.

Game seed: 1759101534315883749

10 siradein the Slasher (level 2, 0/22 HPs)
             Began as a Demonspawn Gladiator on Apr 30, 2021.
             Succumbed to a kobold's poison
             ... on level 1 of the Dungeon.
             The game lasted 00:00:42 (278 turns).

siradein the Slasher (Demonspawn Gladiator)          Turns: 278, Time: 00:00:43

Health: 0/22       AC:  4    Str: 14    XL:     2   Next: 10%
Magic:  2/2        EV: 12    Int:  9    God:
Gold:   5          SH:  0    Dex: 14    Spells: 1/1 levels left

rFire    . . .     SeeInvis .   a - +0 long sword
rCold    . . .     Faith    .   (no shield)
rNeg     . . .     Spirit   .   b - +0 leather armour
rPois    .         Reflect  .   c - +0 helmet
rElec    .         Harm     .   (no cloak)
rCorr    .         Rampage  .   (no gloves)
Will     .....                  (no boots)
Stlth    +.........             (no amulet)
HPRegen  0.07/turn              (no ring)
MPRegen  0.08/turn              (no ring)

@: lethally poisoned (0 -> -7)
A: powered by death 1
a: no special abilities


You were on level 1 of the Dungeon.
You visited 1 branch of the dungeon, and saw 1 of its levels.

You collected 5 gold pieces.

Inventory:

Hand Weapons
 a - a +0 long sword (weapon)
Missiles
 d - 3 throwing nets (quivered)
Armour
 b - a +0 leather armour (worn)
 c - a +0 helmet (worn)


   Skills:
 - Level 2.0 Fighting
 + Level 3.3 Long Blades
 - Level 1.7 Throwing
 - Level 2.6 Dodging


You had one spell level left.
You didn't know any spells.
Your spell library was empty.

Dungeon Overview and Level Annotations

Branches:
Dungeon (1/15)

Altars:


Innate Abilities, Weirdness & Mutations

You regenerate a little health from kills.


Message History

a +0 club; a ball python corpse; a goblin corpse A kobold comes into view.
It is wielding a +3 whip of venom.
The kobold shouts!
You hear a shout!
A kobold is nearby!
A kobold is nearby!
A kobold is nearby!
You see here 14 gold pieces.
You closely miss the kobold. The kobold barely misses you.
You hit the kobold.
The kobold is severely wounded.
A hobgoblin comes into view.
The kobold closely misses you.
You riposte.
You miss the kobold.
The kobold is severely wounded.
You closely miss the kobold.
The kobold is severely wounded.
The kobold hits you with a +3 whip of venom.
You are poisoned.
You feel sick.
You feel sick.
You feel sick.
You feel sick.
Things that are here:
a +0 club; a ball python corpse; a goblin corpse You feel sick.
The kobold hits you with a +3 whip of venom.
You are lethally poisoned!
You are too injured to fight recklessly!
You hit the kobold but do no damage.
The kobold is moderately wounded.
* * * LOW HITPOINT WARNING * * *
You feel very sick. The kobold barely misses you.
You barely miss the kobold.
The kobold is moderately wounded.
* * * LOW HITPOINT WARNING * * *
You feel very sick. The kobold closely misses you.
* * * LOW HITPOINT WARNING * * *
You feel sick.
You die...

##.....## #..# ###...###
##.## #.......# #... ##
#### #.##.############)# ..
..# #.##.##≈≈P......... ##
#.##.###.#..##P≈≈##.###...
.. ....##.#.###≈PP##.# #...
#.#####..##.#.###.##P≈≈#
###.
.#.#....$...##.@...#.##≈PP#
.
........##.g)K...###...PP≈#
. ..##..#.##.#######
#.#####≈P≈. . #....##.# #.#
≈≈P# . ##....#.# #.###


PPP# #....#.# #...# .##P ..$....# #.<.# .# ###...### #......... #...# ##########
You could see a hobgoblin and a kobold.

Vanquished Creatures
  A dart slug (D:1)
  An endoplasm (D:1)
  2 goblins (D:1)
  2 hobgoblins (D:1)
  A ball python (D:1)
7 creatures vanquished.

Notes
Turn   | Place    | Note
-------+----------+-------------------------------------------
     0 | D:1      | siradein the Demonspawn Gladiator began the quest for the
                  | Orb.
     0 | D:1      | Reached XP level 1. HP: 16/16 MP: 1/1
   127 | D:1      | Reached skill level 3 in Long Blades
   191 | D:1      | Gained mutation: You regenerate a little health from kills.
                  | [demonic ancestry]
   191 | D:1      | Reached XP level 2. HP: 19/22 MP: 2/2
   277 | D:1      | HP: 1/22 [poisoned by a kobold]
   278 | D:1      | Succumbed to a kobold's poison

Illustrated notes

Levels and vault maps discovered:
D:1:      psy_arrival_conway, layout_loops_cross

Skill      XL: |  1 |
---------------+----+-----
Long Blades    | 3 |  3.3
Fighting       | |  2.0
Throwing       | |  1.7
Dodging        | |  2.6

Action                   || total
-------------------------++-------
Melee: Long sword        ||    28
Armor: Leather armour    ||     3
Dodge: Dodged            ||    15
       Rpst.: Long sword ||     5

Table legend: (Time is in decaauts)
 A = Elapsed time spent in this place.
 B = Non-inter-level travel time spent in this place.
 C = Inter-level travel time spent in this place.
 D = Time resting spent in this place.
 E = Time spent auto-exploring this place.
 F = Levels seen in this place.
 G = Mean time per level.
                   A        B        C        D        E       F      G
               +--------+--------+--------+--------+--------+-----+--------+
         Total |    286 |    286 |      0 |      0 |    215 |   1 |  286.0 |
       Dungeon |    286 |    286 |      0 |      0 |    215 |   1 |  286.0 |
               +--------+--------+--------+--------+--------+-----+--------+

Top non-repeatable levels by time:
     D:1: 286 daAuts
